 Dungeon Crawl Stone Soup version 0.17-a0-1069-g92ad481 (webtiles) character file.

22856 Lugonue the Unseen (level 12, -2/86 HPs)
             Began as a Vampire Monk on May 16, 2015.
             Was the Champion of Makhleb.
             Slain by Rupert
             ... wielding a +8 battleaxe of freezing
              (22 damage)
             ... on level 4 of the Lair of Beasts on May 17, 2015.
             The game lasted 01:19:06 (13591 turns).

Lugonue the Unseen (Vampire Monk)                  Turns: 13591, Time: 01:19:06

Health: -2/86      AC: 11    Str: 10      XL:     12   Next: 66%
Magic:  15/28      EV: 12    Int: 16      God:    Makhleb [******]
Gold:   858        SH:  0    Dex: 15 (18) Spells: 1 memorised, 32 levels left

rFire  + . .     SeeInvis +     b - +1 dagger (venom)
rCold  + . .     Clarity  +     H - +1 troll leather armour
rNeg   + + +     SustAb   .     (no shield)
rPois  ∞         Gourm    .     u - +0 helmet
rElec  .         Spirit   .     r - +0 cloak
rCorr  .         Warding  .     n - +2 pair of gloves
rMut   .         Stasis   .     (no boots)
MR     +....                    o - amulet of clarity
Stlth  +++++++++.               L - ring of fire
                                i - ring of stealth

@: bloodless, non-regenerating, somewhat resistant to hostile enchantments,
incredibly stealthy
A: fangs 3, see invisible, deterioration 1, screaming 1, unbreathing
a: Bat Form, Minor Destruction, Lesser Servant of Makhleb, Major Destruction,
Greater Servant of Makhleb, Renounce Religion


You were on level 4 of the Lair of Beasts.
You worshipped Makhleb.
Makhleb was exalted by your worship.
You were bloodless.

You visited 3 branches of the dungeon, and saw 17 of its levels.

You collected 858 gold pieces.

Inventory:

Hand weapons
 a - a +9 quarterstaff of freezing
 b - a +1 dagger of venom (weapon)
 d - a +0 short sword
 y - a +1 dagger of draining
 C - a +0 rapier
 D - the +2 dagger "Orb Guardian's Doom" {pierce, rF+ Str+3 Int+3 Dex-3}
   (You found it on level 6 of the Dungeon)

   It inflicts extra damage upon your enemies.
   It affects your strength (+3).
   It affects your intelligence (+3).
   It affects your dexterity (-3).
   It protects you from fire.
 J - a +2 dagger of pain
 K - the +2 quarterstaff of the Assorted Blessings {freeze, rElec Str+5}
   (You found it on level 7 of the Dungeon)

   It has been specially enchanted to freeze those struck by it, causing extra
   injury to most foes and up to half again as much damage against particularly
   susceptible opponents.
   It can also slow down cold-blooded creatures.
   It affects your strength (+5).
   It insulates you from electricity.
Armour
 n - a +2 pair of gloves (worn)
 r - a +0 cloak (worn)
 u - a +0 helmet (worn)
 G - a +2 shield
 H - a +1 troll leather armour (worn)
Magical staves
 O - an uncursed staff of air
Jewellery
 i - a ring of stealth (left hand)
 o - an amulet of clarity (around neck)
 w - an uncursed ring of stealth
 L - a ring of fire (right hand)
Magical devices
 k - a wand of cold (8)
 m - a wand of polymorph (10)
 q - a wand of cold (6)
 t - a wand of enslavement (4)
 v - a wand of slowing (32)
 A - a wand of confusion (1)
 F - a wand of teleportation (5)
Scrolls
 c - 4 scrolls of remove curse
 e - 2 scrolls of identify
 j - 3 scrolls of recharging
 x - a scroll of teleportation
Potions
 f - a potion of invisibility
 g - 4 potions of blood
 l - 2 potions of agility
 p - a potion of cancellation
 s - 3 potions of brilliance
 z - 2 potions of flight
 B - 4 potions of haste
 I - 2 potions of curing
 P - a potion of resistance
Books
 M - a book of Clouds

   Spells                             Type                      Level
   a - Mephitic Cloud                 Conjuration/Poison/Air       3
   b - Conjure Flame                  Conjuration/Fire             3
   c - Poisonous Cloud                Conjuration/Poison/Air       6
   d - Freezing Cloud                 Conjuration/Ice/Air          6
   e - Ring of Flames                 Charms/Fire                  7
Miscellaneous
 h - a phantom mirror


   Skills:
 - Level 5.4 Fighting
 - Level 3.4 Short Blades
 - Level 3.8 Staves
 - Level 3.6 Armour
 + Level 8.8 Dodging
 - Level 17.5 Stealth
 - Level 4.4 Unarmed Combat
 - Level 12.0 Spellcasting
 - Level 0.8 Air Magic
 - Level 0.6 Evocations


You had 32 spell levels left.
You knew the following spells:

 Your Spells              Type           Power        Failure   Level  Hunger
a - Mephitic Cloud        Conj/Pois/Air  ##......     30%         3    None


Dungeon Overview and Level Annotations

Branches:
Dungeon (12/15)            Temple (1/1) D:4            Lair (4/8) D:11
 Shoals (0/4) Lair:3          Orc (0/4) D:11
  Snake: Lair:3-6    Spider: Lair:3-6

Altars:
Ashenzari
Cheibriados
Dithmenos
Elyvilon
Fedhas
Gozag
Kikubaaqudgha
Makhleb
Nemelex Xobeh
Okawaru
Qazlal
Ru
Sif Muna
Trog
Vehumet
Xom
Yredelemnul
Zin
The Shining One

Annotations:
D:9 Grum
D:12 SpeedUpEvolution's ghost, experienced DgIE; Viceroy's ghost, powerful MiFi
Lair:3 exclusion: oklob plant
Lair:4 Maud; Rupert


Innate Abilities, Weirdness & Mutations

You do not heal naturally.
You are immune to poison.
You have razor-sharp teeth.
You have supernaturally acute eyesight.
You can survive without breathing.
Your body sometimes deteriorates upon taking damage.
You occasionally shout uncontrollably at your foes.


Message History

Okay, then.
Unknown command.
Press: ? - help, v - describe, . - travel
Here: Rupert, wielding a battleaxe of freezing and wearing a leather armour (noxious fumes, lightly wounded, berserk, fast, unusually strong, poisoned)
The floor.
Unknown command.
Rupert is engulfed in noxious fumes.
The griffon closely misses you. The griffon misses you.
The griffon claws you but does no damage.
Rupert is engulfed in noxious fumes.
Rupert appears confused.
The griffon barely misses you. The griffon misses you.
The griffon claws you but does no damage.
The hippogriff is engulfed in noxious fumes.
There is a stone staircase leading up here.
The griffon closely misses you. The griffon barely misses you.
The griffon closely misses you.
The hippogriff is engulfed in noxious fumes.
The hippogriff appears confused.
Rupert barely misses the hippogriff.
Rupert hits you with a battleaxe of freezing!!
You die...

##.. #... ...
....##..####...
#.....#........
......#.......
#...........#
#....P...H§# #
P.... #.@§## ...
#.....#.@..#....#
.......tH@.......
...#.......##....
.....##....# ...
..#. #....... .
... #......#.. ..
##....#... .
.....#...
..........


You could see Rupert (berserk), Maud (confused), a griffon, a hippogriff
(confused) and a crocodile.

Vanquished Creatures
  Josephine (D:11)
  2 cyclopes (D:10)
  An ugly thing (D:10)
  4 hill giants
  A griffon (Lair:3)
  Maurice (D:11)
  A black mamba (Lair:1)
  4 spiny frogs
  3 komodo dragons
  A troll (D:8)
  Grinder (D:5)
  A two-headed ogre (D:11)
  2 slime creatures
  Sigmund (D:2)
  A deep elf fighter (D:11)
  A wyvern (D:10)
  24 yaks
  3 wraiths (D:11)
  Eustachio (D:5)
  A wolf (D:9)
  3 hungry ghosts
  4 basilisks (Lair:3)
  7 hippogriffs
  Menkaure (D:5)
  A steam dragon (Lair:4)
  3 wargs (D:11)
  3 vampire mosquitoes (D:11)
  3 orc warriors
  3 sky beasts
  4 ice beasts
  5 porcupines
  A wasp (D:7)
  A black bear (D:11)
  2 phantoms
  A centaur (D:8)
  2 big kobolds (D:10)
  13 ogres
  5 crocodiles
  11 giant frogs
  A wyvern zombie (D:10)
  5 scorpions
  17 killer bees
  6 wights
  An electric eel (Lair:3)
  3 hounds
  A quasit (D:7)
  2 centaur zombies
  A jelly (D:11)
  4 crimson imps
  4 orc priests
  A giant frog zombie (D:9)
  4 orc wizards
  Crazy Yiuf (D:2)
  Ijyb (D:3)
  4 centaur skeletons
  3 iguanas
  Natasha (thrice) (D:3)
  2 giant frog skeletons
  6 worker ants
  5 sheep (Lair:1)
  A hound zombie (D:6)
  2 hound skeletons
  2 worker ant zombies
  Robin (D:3)
  9 adders
  11 gnolls
  3 river rats (D:11)
  A shadow imp (D:7)
  3 oozes
  3 adder skeletons
  2 adder zombies (D:8)
  2 worms
  41 orcs
  4 ball pythons
  8 bats
  A bat zombie (D:7)
  4 giant cockroaches
  26 hobgoblins
  13 jackals
  8 giant geckos
  4 giant newts
  15 goblins
  36 kobolds
  3 quokkas
  22 rats
428 creatures vanquished.

Vanquished Creatures (collateral kills)
  A spiny frog (Lair:1)
  2 wraiths (D:11)
  3 vampire mosquitoes
  A hippogriff (D:11)
  A warg (D:11)
  A water moccasin (Lair:1)
  3 wights (D:11)
  A bat (D:11)
  A rat (D:11)
  A fungus (D:11)
15 creatures vanquished.

Vanquished Creatures (others)
  A smoke demon (D:11)
  An orange demon (D:11)
  A vampire mosquito (D:11)
  A neqoxec (Lair:1)
  A killer bee (D:8)
  5 ufetubi (D:11)
  2 orcs (D:12)
  10 fungi (D:11)
  6 plants (D:11)
28 creatures vanquished.

Grand Total: 471 creatures vanquished

Notes
Turn   | Place    | Note
--------------------------------------------------------------
     0 | D:1      | Lugonue the Vampire Monk began the quest for the Orb.
     0 | D:1      | Reached XP level 1. HP: 17/17 MP: 1/1
   182 | D:1      | Reached XP level 2. HP: 18/23 MP: 2/2
   687 | D:2      | Noticed Sigmund
   735 | D:2      | Killed Sigmund
   735 | D:2      | Reached skill level 5 in Stealth
   735 | D:2      | Reached XP level 3. HP: 8/29 MP: 3/3
   735 | D:2      | Reached XP level 4. HP: 9/35 MP: 4/4
   735 | D:2      | Reached XP level 5. HP: 10/41 MP: 5/5
  1132 | D:2      | Reached skill level 5 in Dodging
  1280 | D:2      | Reached skill level 6 in Stealth
  1401 | D:2      | Noticed Crazy Yiuf
  1415 | D:2      | Killed Crazy Yiuf
  1587 | D:3      | Noticed Natasha
  1605 | D:3      | Killed Natasha
  1605 | D:3      | Reached XP level 6. HP: 33/48 MP: 6/6
  1681 | D:3      | Noticed Robin
  1853 | D:3      | Killed Robin
  1996 | D:3      | Noticed Ijyb
  2006 | D:3      | Killed Ijyb
  2060 | D:3      | Noticed Natasha
  2067 | D:3      | Killed Natasha
  2067 | D:3      | Reached skill level 7 in Stealth
  2291 | D:3      | Noticed Natasha
  2298 | D:3      | Killed Natasha
  2423 | D:3      | Reached skill level 1 in Staves
  2543 | D:4      | Reached XP level 7. HP: 54/54 MP: 7/7
  2901 | D:4      | Reached skill level 8 in Stealth
  2949 | D:4      | Found a staircase to the Ecumenical Temple.
  2961 | Temple   | Entered the Ecumenical Temple
  3038 | Temple   | Became a worshipper of Makhleb the Destroyer
  3038 | Temple   | Acquired Makhleb's first power
  3038 | Temple   | Acquired Makhleb's second power
  3268 | D:4      | Reached skill level 1 in Armour
  4002 | D:5      | Entered Level 5 of the Dungeon
  4104 | D:5      | Reached XP level 8. HP: 61/61 MP: 8/8
  4181 | D:5      | Reached skill level 9 in Stealth
  4324 | D:5      | Noticed Eustachio
  4327 | D:5      | Killed Eustachio
  4369 | D:5      | Noticed Menkaure
  4377 | D:5      | Killed Menkaure
  4407 | D:5      | Reached skill level 1 in Short Blades
  4488 | D:5      | Noticed Grinder
  4491 | D:5      | Killed Grinder
  4491 | D:5      | Reached skill level 10 in Stealth
  4674 | D:6      | Found a shattered altar of Ashenzari.
  4680 | D:6      | Acquired Makhleb's third power
  4813 | D:6      | Got a smoking dagger
  4814 | D:6      | Identified the +2 dagger "Orb Guardian's Doom" {pierce, rF+ Str+3 Int+3 Dex-3} (You found it on level 6 of the Dungeon)
  4907 | D:6      | Reached skill level 11 in Stealth
  4914 | D:6      | Reached XP level 9. HP: 66/66 MP: 9/9
  5409 | D:7      | Got a twisted leather armour
  5426 | D:7      | Identified the +3 leather armour of Lies {SInv} (You found it on level 7 of the Dungeon)
  5494 | D:7      | Reached skill level 12 in Stealth
  5822 | D:8      | Acquired Makhleb's fourth power
  5961 | D:8      | Reached skill level 5 in Fighting
  5961 | D:8      | Reached skill level 13 in Stealth
  6451 | D:8      | Noticed a four-headed hydra
  6659 | D:7      | Reached XP level 10. HP: 74/74 MP: 10/10
  6795 | D:7      | Got a dazzling quarterstaff
  6796 | D:7      | Identified the +2 quarterstaff of the Assorted Blessings {freeze, rElec Str+5} (You found it on level 7 of the Dungeon)
  6811 | D:7      | Upgraded the game from 0.17-a0-1056-g838d5c0 to 0.17-a0-1069-g92ad481
  7063 | D:8      | Acquired Makhleb's fifth power
  7367 | D:8      | Reached skill level 14 in Stealth
  7587 | D:9      | Learned a level 3 spell: Mephitic Cloud
  7633 | D:9      | Found a blossoming altar of Fedhas.
  7670 | D:9      | Noticed Grum
  7703 | D:9      | Reached skill level 1 in Spellcasting
  8004 | D:9      | Gained mutation: Your body sometimes deteriorates upon taking damage. [a neqoxec]
  8010 | D:9      | Gained mutation: You occasionally shout uncontrollably at your foes. [a neqoxec]
  8074 | D:10     | Entered Level 10 of the Dungeon
  8191 | D:10     | Noticed a cyclops
  8368 | D:10     | Reached skill level 15 in Stealth
  8509 | D:10     | Killed a cyclops
  8526 | D:10     | Noticed a red ugly thing
  8527 | D:10     | Noticed a hill giant
  8542 | D:10     | Killed a red ugly thing
  8550 | D:10     | HP: 3/74 [hill giant/giant club (27)]
  8556 | D:11     | Noticed a hill giant
  8556 | D:11     | Noticed a hill giant
  8559 | D:11     | Killed a hill giant
  8559 | D:11     | Reached skill level 16 in Stealth
  8950 | D:11     | Reached XP level 11. HP: 47/80 MP: 15/17
  9011 | D:11     | Noticed Maurice
  9039 | D:11     | Killed Maurice
  9077 | D:11     | Killed a hill giant
  9077 | D:11     | Reached skill level 17 in Stealth
  9313 | D:11     | Reached skill level 5 in Spellcasting
  9326 | D:11     | Noticed Josephine
  9368 | D:11     | Killed Josephine
  9456 | D:11     | Noticed a hill giant
  9465 | D:11     | Killed a hill giant
  9534 | D:11     | Found a staircase to the Lair.
  9648 | D:11     | Found a staircase to the Orcish Mines.
  9716 | D:12     | Noticed SpeedUpEvolution's ghost (experienced DgIE)
 10492 | D:10     | Killed a hill giant
 10638 | D:10     | Noticed a cyclops
 10654 | D:10     | Killed a cyclops
 10893 | D:12     | Noticed Viceroy's ghost (powerful MiFi)
 11156 | D:11     | Reached XP level 12. HP: 66/86 MP: 19/25
 11239 | Lair:1   | Entered Level 1 of the Lair of Beasts
 11414 | Lair:1   | Reached skill level 10 in Spellcasting
 12903 | Lair:3   | HP: 4/86 [spiny frog (3)]
 13355 | Lair:3   | Found a staircase to the Shoals.
 13564 | Lair:4   | Noticed Maud
 13570 | Lair:4   | Noticed Rupert
 13591 | Lair:4   | Slain by Rupert

Vault maps used:
D:1:      scummos_arrival_checkerplants
D:2:      first_bread, uniq_crazy_yiuf_cottage, uniq_sigmund
D:3:      uniq_natasha, uniq_robin, uniq_iyjb
D:4:      temple_pool_b, corexii_leaking_fountain
D:5:      uniq_grinder, uniq_eustachio, uniq_menkaure
D:6:      evilmike_ruin_ashenzari
D:9:      lemuel_crystal_altar, uniq_grum
D:10:     minmay_curly_fans
D:11:     grunt_lair_entry_elf_guard_hut, minmay_orc_entry_guard_dogs,
          uniq_josephine, uniq_maurice
D:12:     lemuel_traditional_vault, serial_curves, eino_curves_01,
          eino_curves_03, eino_curves_01
Temple:   grunt_circular_temple_18
Lair:2:   nicolae_volcano_entry_lava_flow, st_stairs_13, bh_chokoban,
          minivault_11, beast_lair_carwin_4
Lair:3:   elwin_shoals_entry_rooms, kennysheep_basilisk_garden,
          grunt_megastairs_4
Lair:4:   uniq_maud, uniq_snorg, uniq_rupert

Action                   |  1- 3 |  4- 6 |  7- 9 | 10-12 || total
-------------------------+-------+-------+-------+-------++-------
Melee: Short sword       |    11 |       |       |       ||    11
       Unarmed           |    84 |    58 |       |       ||   142
       Quarterstaff      |       |   112 |   161 |   435 ||   708
       Dagger            |       |       |   176 |   425 ||   601
Throw: Throwing net      |       |       |     1 |       ||     1
 Cast: Mephitic Cloud    |       |       |       |    52 ||    52
Invok: Lesser Servant of |       |       |       |    13 ||    13
Evoke: Wand              |       |       |     8 |     1 ||     9
  Use: Potion            |     4 |     5 |     3 |    13 ||    25
       Scroll            |       |       |    12 |    27 ||    39
 Stab: Sleeping          |     4 |     8 |    24 |    20 ||    56
       Paralysed         |       |     3 |       |     3 ||     6
       Distracted        |       |     1 |       |     8 ||     9
       Confused          |       |       |     1 |    38 ||    39
       Petrifying        |       |       |       |     1 ||     1
       Petrified         |       |       |       |     1 ||     1
       Invisible         |       |       |       |     1 ||     1
